 Dungeon Crawl Stone Soup version 0.29.0-11-gd7f09526c8 (webtiles) character file.

Game seed: 5312426838139706302

107 VictoriousLee the Shooter (level 4, -3/32 HPs)
             Began as a Barachi Arcane Marksman on Sept 4, 2022.
             Killed from afar by Natasha (6 damage)
             ... with a magic dart
             ... on level 2 of the Dungeon.
             The game lasted 00:06:51 (1884 turns).

VictoriousLee the Shooter (Barachi Arcane Marksman) Turns: 1884, Time: 00:06:52

Health: -3/32      AC:  5    Str: 11    XL:     4   Next: 85%
Magic:  5/5        EV: 10    Int: 13    God:
Gold:   48         SH:  0    Dex: 15    Spells: 1/5 levels left

rFire   . . .      SeeInvis .   b - +0 short sword (vamp)
rCold   . . .      Faith    .   (no shield)
rNeg    . . .      Spirit   .   h - +0 ring mail
rPois   .          Reflect  .   (no helmet)
rElec   .          Harm     .   (no cloak)
rCorr   .          Rampage  .   (no gloves)
Will    .....                   (no boots)
Stlth   +.........              (no amulet)
HPRegen 0.10/turn               (no ring)
MPRegen 0.09/turn               (no ring)

@: unable to hop, slow
A: amphibious, slowness 1, strong legs 1, +LOS
a: Hop


You were on level 2 of the Dungeon.
You visited 1 branch of the dungeon, and saw 2 of its levels.

You collected 48 gold pieces.

Inventory:

Hand Weapons
 a - a +1 sling
 b - a +0 vampiric short sword (weapon)
Armour
 c - a +0 robe
 h - a +0 ring mail (worn)
 n - a +0 chain mail
Jewellery
 m - an amulet of faith
Scrolls
 f - a scroll of amnesia {unknown}
 g - a scroll of poison
 i - 2 scrolls of identify {unknown}
 j - a scroll of fear {unknown}
 p - a scroll of noise {unknown}
 r - a scroll of teleportation {unknown}
Potions
 d - a potion of curing
 e - 2 potions of ambrosia {unknown}
 k - 2 potions of flight {unknown}
 l - a potion of mutation {unknown}
 o - a potion of haste {unknown}
 q - a potion of brilliance {unknown}


   Skills:
 - Level 1.2 Fighting
 + Level 4.1 Ranged Weapons
 - Level 2.1 Dodging
 - Level 1.1 Spellcasting
 - Level 3.2 Hexes
 * Level 2.5 Translocations


You had one spell level left.
You knew the following spells:

 Your Spells              Type           Power      Damage    Failure   Level
a - Slow                  Hex            36%        N/A       19%         1
b - Portal Projectile     Hex/Tloc       16%        N/A       52%         3

Your spell library contained the following spells:

 Spells                   Type           Power      Damage    Failure   Level
 Inner Flame              Hex/Fire       4%         N/A       71%         3
 Cause Fear               Hex            4%         N/A       87%         4


Dungeon Overview and Level Annotations

Branches:
Dungeon (2/15)

Altars:

Annotations:
D:2 Natasha


Innate Abilities, Weirdness & Mutations

You are amphibious.
You cover ground slowly.
You can hop short distances.
You have an extended range of vision and can be seen from far away.


Message History

You resist with some effort.
You closely miss Natasha. Natasha claws you but does no damage.
You hit Natasha.
You feel better.
Natasha is moderately wounded.
Natasha claws you.
You hit Natasha but do no damage.
Natasha is moderately wounded.
Natasha barely misses you.
You barely miss Natasha.
Natasha is moderately wounded.
Natasha casts a spell.
You barely miss Natasha.
Natasha is moderately wounded.
Natasha claws you but does no damage. The shadow imp hits you.
You hit Natasha but do no damage.
Natasha is moderately wounded.
Natasha closely misses you. The shadow imp misses you.
You barely miss Natasha.
Natasha is moderately wounded.
Natasha claws you but does no damage. The shadow imp barely misses you.
You hit Natasha but do no damage.
Natasha is moderately wounded.
Natasha stares at you and mumbles some strange words.
The magic dart hits you.
The shadow imp hits you but does no damage.
Natasha casts a spell at you. The magic dart hits you.
Hop to where?
Press: ? - help, Dir - move target, p - Natasha Boing!
The shadow imp hits you. The shadow imp gestures at you.
Pain shoots through your body!
* * * LOW HITPOINT WARNING * * *
Natasha casts a spell at you. The magic dart hits you.
* * * LOW HITPOINT WARNING * * *
There is a stone staircase leading up here.
Natasha casts a spell at you. The magic dart hits you.
You die...

#.# #.# #. ############### #.#
#####'###. ..............####.##
#.......#. .....5..............#
#......... .########...#.##....#
#......... h.<# ###.#.......#
#......... ...########.#..#....#
##.......#. .........##....#....#
#........#. .#.#####.###.h5#@...#
#........## .#.#
#.###...#.#.####......#### .#.#
#.......h.................
.#.#########.....#.####.....)###.
.#....# ##....#.# ######.# #.
.#....# #..#.#.# #.# #. .#....#
#..#...# #.###. .#....# #..#...#
#..... .#....##########...# ###
#####.


You could see Natasha.

Vanquished Creatures
  Jessica (D:2)
  Natasha (D:2)
  2 dart slugs (D:1)
  5 ball pythons
  7 endoplasms
  2 giant cockroaches (D:1)
  5 hobgoblins
  4 jackals (D:1)
  2 kobolds
  2 quokkas
  6 bats
  3 goblins (D:1)
  7 rats
47 creatures vanquished.

Notes
Turn   | Place    | Note
-------+----------+-------------------------------------------
     0 | D:1      | VictoriousLee the Barachi Arcane Marksman began the quest
                  | for the Orb.
     0 | D:1      | Reached XP level 1. HP: 15/15 MP: 2/2
    72 | D:1      | Reached XP level 2. HP: 21/21 MP: 3/3
   200 | D:1      | Reached skill level 3 in Ranged Weapons
   579 | D:1      | Reached XP level 3. HP: 24/26 MP: 4/4
   732 | D:1      | Found a faded altar of an unknown god.
   814 | D:1      | Learned a level 3 spell: Portal Projectile
  1242 | D:2      | Reached skill level 1 in Translocations
  1496 | D:2      | Noticed Natasha
  1738 | D:2      | Noticed Jessica
  1745 | D:2      | Killed Jessica
  1746 | D:2      | Reached skill level 4 in Ranged Weapons
  1746 | D:2      | Reached XP level 4. HP: 32/32 MP: 3/5
  1796 | D:2      | Killed Natasha
  1867 | D:2      | Noticed Natasha
  1884 | D:2      | Killed from afar by Natasha

Illustrated notes

Levels and vault maps discovered:
D:1:      erik_arrival_triangle_small, layout_basic,
          shapermc_ecumenical_altar_venn
D:2:      layout_basic, uniq_natasha, uniq_jessica

Skill      XL: |  1  2  3 |
---------------+----------+-----
Ranged Weapons | 3 4 |  4.1
Translocations | 2 |  2.5
Fighting       | |  1.2
Dodging        | |  2.1
Spellcasting   | |  1.1
Hexes          | |  3.2

Action                   |  1- 3 |  4- 6 || total
-------------------------+-------+-------++-------
Melee: Short sword       |    12 |     8 ||    20
 Fire: Sling             |   138 |     9 ||   147
 Cast: Slow              |     1 |     1 ||     2
 Abil: Hop               |       |     1 ||     1
Armor: Ring mail         |    41 |     6 ||    47
       Robe              |     1 |       ||     1
Dodge: Dodged            |    59 |     8 ||    67
